 Dungeon Crawl Stone Soup version 0.28.0-45-g0d030f2227 (webtiles) character file.

Game seed: 6600546905332791787

13 Descartes the Grasshopper (level 2, 22/22 HPs)
             Began as a Formicid Warper on Apr 11, 2022.
             Was a Follower of Makhleb.
             Got out of the dungeon alive.
             The game lasted 00:02:50 (664 turns).

Descartes the Grasshopper (Formicid Warper)          Turns: 664, Time: 00:02:51

Health: 22/22      AC:  3    Str: 15    XL:     2   Next: 50%
Magic:  5/5        EV: 11    Int: 12    God:    Makhleb [*.....]
Gold:   0          SH:  0    Dex: 10    Spells: 5/5 levels left

rFire   . . .      SeeInvis +   a - +0 hand axe
rCold   . . .      Faith    .   (no shield)
rNeg    . . .      Spirit   .   b - +0 leather armour
rPois   .          Reflect  .   (helmet unavailable)
rElec   .          Harm     .   (no cloak)
rCorr   .          Rampage  .   (no gloves)
Will    .....                   (no boots)
Stlth   +.........              (no amulet)
HPRegen 0.07/turn               (no ring)
MPRegen 0.09/turn               (no ring)

@: no status effects
A: permanent stasis, dig shafts and tunnels, antennae 3, four strong arms
a: Dig, Shaft Self, Renounce Religion


You escaped.
You worshipped Makhleb.
Makhleb was aware of your devotion.
You visited 1 branch of the dungeon, and saw 1 of its levels.

Inventory:

Hand Weapons
 a - a +0 hand axe (weapon)
Missiles
 c - 5 boomerangs of dispersal (quivered)
Armour
 b - a +0 leather armour (worn)
Scrolls
 e - a scroll of fog {unknown}
 f - 2 scrolls of identify {unknown}
 g - a scroll of fear {unknown}
Potions
 d - a potion of curing {unknown}


   Skills:
 - Level 2.2 Fighting
 + Level 2.3 Axes
 - Level 1.0 Throwing
 + Level 1.6 Armour
 - Level 1.7 Dodging
 - Level 2.2 Spellcasting
 + Level 2.9 Translocations


You had 5 spell levels left.
You didn't know any spells.
Your spell library contained the following spells:

 Spells                   Type           Power      Damage    Failure   Level
 Gell's Gravitas          Tloc           8%         N/A       28%         3
 Lesser Beckoning         Tloc           8%         N/A       28%         3
 Teleport Other           Tloc           8%         N/A       28%         3
 Manifold Assault         Tloc           8%         N/A       95%         5
 Blink                    Tloc           Unusable   N/A       N/A         2

Dungeon Overview and Level Annotations

Branches:
Dungeon (1/15)

Altars:
Makhleb


Innate Abilities, Weirdness & Mutations

You cannot be hasted, slowed, berserked, paralysed or teleported.
You can dig through walls and to a lower floor.
You have a pair of large antennae on your head. (SInv)
Your four strong arms can wield two-handed weapons with a shield.


Message History

There is a faded altar of an unknown god here.
You cannot tell which god this altar belongs to.
Convert to them anyway?
Makhleb accepts your prayer! Makhleb welcomes you!
You can now gain health from killing.
Unknown command.
Press < or > to pray at altars.
f - 2 scrolls labelled LITUAC UHIRGHY (gained 1)
You see here a quokka corpse.
You see here a giant cockroach corpse.
g - a scroll labelled BUCVUIWO ELUO
Okay, then.
You don't know any spells.
Okay, then.
You see here a giant cockroach corpse.
You see here a quokka corpse.
An endoplasm comes into view.
The endoplasm quivers.
You can't go up here!
The endoplasm hits you.
You hit the endoplasm.
The endoplasm is severely wounded.
The endoplasm freezes you.
You are frozen.
You barely miss the endoplasm.
The endoplasm is heavily wounded.
The endoplasm closely misses you.
You completely miss the endoplasm.
The endoplasm is heavily wounded.
The endoplasm barely misses you.
You hit the endoplasm.
The endoplasm is severely wounded.
The endoplasm barely misses you. x2
You hit the endoplasm.
You kill the endoplasm!
Makhleb accepts your kill.
There is an open door here.
There is a staircase leading out of the dungeon here.
Are you sure you want to leave the Dungeon?
This will make you lose the game!
You have escaped!

#....# .
#.#### . #.#
. #.# .
#.##########
.
#.##.......#
.
#.'........#
#.##.......#
#.##>###.@.#
#.##.......#
#.+........#
####.......#
## #########
#. .. .. .


There were no monsters in sight!

Vanquished Creatures
  A dart slug (D:1)
  A ball python (D:1)
  A bat (D:1)
  2 endoplasms (D:1)
  A giant cockroach (D:1)
  A hobgoblin (D:1)
  A quokka (D:1)
  A rat (D:1)
9 creatures vanquished.

Notes
Turn   | Place    | Note
-------+----------+-------------------------------------------
     0 | D:1      | Descartes the Formicid Warper began the quest for the Orb.
     0 | D:1      | Reached XP level 1. HP: 16/16 MP: 3/3
    93 | D:1      | Reached XP level 2. HP: 7/22 MP: 5/5
   402 | D:1      | Found a faded altar of an unknown god.
   419 | D:1      | Prayed at the altar of an unknown god.
   419 | D:1      | Became a worshipper of Makhleb the Destroyer
   419 | D:1      | Reached * piety under Makhleb
   664 | D:$      | Got out of the dungeon alive.

Illustrated notes

Levels and vault maps discovered:
D:1:      heliophobic_arrival_battle_scene, layout_basic,
          hellmonk_ecumenical_altar_zigzags

Action                   || total
-------------------------++-------
Melee: Hand axe          ||    27
Armor: Leather armour    ||     6
Dodge: Dodged            ||    17
